AoeStats
← [BJTOX]Quemerorg

Pilgrims

510238904Analyzed
3v3 RM · 2d ago on Sep 30, 2026· 39m 53s· 6 players
Game mode
Random Map
Map size
Normal (6 player)
Population
200
Speed
Normal
Resources
Standard
Victory
Conquest
Starting age
Dark Age
Ending age
Imperial Age
RankedLock teamsTeams togetherTeam positionsShared explorationLock speedFull tech treeHidden civsTurbo modeCheats
Victory
Defeat
🇺🇸 Koreans · United States
1334
+8
🇺🇸 Celts · United States
1257
+11
🇺🇸 Vikings · United States
1121
+15
🇦🇷 Teutons · Argentina
1208
-14
🇦🇷 Persians · Argentina
1109
-10
🇦🇷 Byzantines · Argentina
1108
-10
russoft
5:02 Loom
9:42 Feudal Age
10:51 Double-Bit Axe
13:56 Castle Age
12:35 Fletching
12:41 Fishing Lines
14:33 Bodkin Arrow
14:53 Town Watch
15:25 Gillnets
20:52 Scale Mail Armor
22:16 Ballistics
22:31 Chain Mail Armor
22:57 Arson
25:53 Squires
26:05 Forging
29:24 Iron Casting
31:48 Crossbowman
32:47 Padded Archer Armor
34:43 Bow Saw
34:15 Horse Collar
38:00 Imperial Age
38:07 Imperial Age
36:37 Leather Archer Armor
37:17 Chieftains
37:42 Heavy Plow
37:52 Gold Mining
40:08 Two-Man Saw
motivationman23
8:19 Loom
10:04 Feudal Age
8:22 Loom
14:20 Forging
17:55 Castle Age
19:12 Medium Warships
18:54 Fletching
19:42 Bodkin Arrow
22:11 Double-Bit Axe
22:59 Scale Barding Armor
33:06 Stone Mining
33:07 Gold Mining
35:52 Imperial Age
36:04 Bow Saw
36:48 Chain Barding Armor
37:04 Iron Casting
36:27 Cavalier
37:25 Fishing Lines
pimentbd
4:32 Loom
10:59 Feudal Age
14:44 Castle Age
13:02 Double-Bit Axe
13:12 Fishing Lines
13:37 Town Watch
13:57 Fletching
15:33 Gillnets
19:12 Wheelbarrow
18:54 Gold Mining
23:13 Bodkin Arrow
26:04 Ballistics
29:43 Imperial Age
28:09 Bow Saw
28:01 Horse Collar
29:27 Gold Shaft Mining
30:21 Hand Cart
30:56 Bracer
35:34 Ballistics
36:14 Chemistry
36:35 Masonry
36:07 Elite War Wagon
37:33 Arrowslits
38:25 Eupseong
38:33 Treadmill Crane
[BJTOX]pepesasia
8:24 Loom
11:27 Feudal Age
17:08 Castle Age
16:20 Scale Mail Armor
16:58 Double-Bit Axe
17:29 Gold Mining
25:58 Fletching
26:53 Bodkin Arrow
30:02 Squires
37:05 Pikeman
[BJTOX] Guille
3:23 Loom
12:09 Feudal Age
14:12 Double-Bit Axe
19:42 Castle Age
23:01 Wheelbarrow
23:40 Bloodlines
23:45 Town Watch
25:10 Scale Barding Armor
26:02 Forging
38:14 Ballistics
[BJTOX]Quemerorg
8:49 Loom
11:30 Feudal Age
19:38 Castle Age
19:23 Double-Bit Axe
23:12 Town Watch
24:03 Wheelbarrow
29:15 Hand Cart
30:04 Horse Collar
30:39 Scale Mail Armor
31:36 Ironclad
32:11 Heavy Plow
32:56 Chain Mail Armor
33:58 Forging
35:57 Iron Casting
36:54 Arson
39:58 Imperial Age
37:51 Squires
Connection lost

Rejoining the realm…

Still unreachable

The connection could not be restored.

Session expired

The server has moved on; the page needs a fresh start.